 Dungeon Sprint DCSS version 0.28.0-43-g3370ac3207 (webtiles) character file.

Game seed: 13006176547318633501

7595 boopmooplesden the Fencer (level 10, -9/110 HPs)
             Began as a Minotaur Berserker on Mar 2, 2022.
             Was the Champion of Trog.
             Succumbed to a death drake's dark miasma
             ... in the Dungeon (Sprint VII: "The Pits").
             The game lasted 00:05:05 (1874 turns).

boopmooplesden the Fencer (Minotaur Berserker)      Turns: 1874, Time: 00:05:05

Health: -9/110     AC: 22    Str: 24    XL:     10   Next: 97%
Magic:  3/3        EV: 10    Int:  4    God:    Trog [******]
Gold:   4          SH:  0    Dex: 12    Spells: 9/9 levels left

rFire   . . .      SeeInvis .   w - +3 great sword (antimagic)
rCold   . . .      Faith    .   (shield currently unavailable)
rNeg    . . .      Spirit   .   t - +3 plate armour
rPois   .          Reflect  .   (helmet restricted)
rElec   .          Harm     .   v - +0 cloak
rCorr   .          Rampage  .   (no gloves)
Will    .....      NoTele   +   u - +0 pair of boots
Stlth   ..........              (no amulet)
HPRegen 0.28/turn               (no ring)
MPRegen 0.08/turn               (no ring)

@: lethally poisoned (-9 -> -72), on berserk cooldown, slowed, very slow
A: horns 2, retaliatory headbutt
a: Renounce Religion, Berserk, Trog's Hand, Brothers in Arms


You were in the Dungeon.
You worshipped Trog.
Trog was exalted by your worship.
You visited 1 branch You collected 4 gold pieces.

Inventory:

Hand Weapons
 a - a +0 falchion
 i - a +2 falchion
 m - a +0 long sword of holy wrath
 o - a +1 antimagic great sword
 s - a +2 scimitar of flaming
 w - a +3 antimagic great sword (weapon)
 x - a +3 vorpal great mace
Armour
 b - a +0 animal skin
 l - a +2 plate armour
 t - a +3 plate armour (worn)
 u - a +0 pair of boots (worn)
 v - a +0 cloak (worn)
Jewellery
 p - a +3 ring of strength
 q - a +3 ring of protection
Scrolls
 h - a scroll of blinking
 k - a scroll of summoning
Potions
 c - a potion of curing
 e - 2 potions of haste
 f - 4 potions of magic
 g - 4 potions of berserk rage
 j - 2 potions of invisibility
 n - a potion of lignification {unknown}
 r - 3 potions of might


   Skills:
 + Level 16.8 Fighting
 + Level 20.8 Long Blades
 + Level 14.6 Armour
 + Level 7.4 Dodging
 + Level 3.7 Stealth


You had 9 spell levels left.
You didn't know any spells.
Your spell library was empty.

Dungeon Overview and Level Annotations

Branches:
Dungeon (1/1)

Altars:
Cheibriados
Dithmenos
Elyvilon
Fedhas
Gozag
Hepliaklqana
Makhleb
Nemelex Xobeh
Okawaru
Qazlal
Ru
Sif Muna
Trog
Wu Jian
Xom
Yredelemnul
Zin
The Shining One
Jiyva


Innate Abilities, Weirdness & Mutations

You have a pair of horns on your head.
You reflexively headbutt those who attack you in melee.


Message History

The death drake bites you but does no damage.
The kobold brigand is engulfed in dark miasma.
The kobold brigand looks even sicker.
The kobold brigand hits you with a +0 dagger.
The death drake bites you.
You bump into the metal wall.
You are engulfed in dark miasma.
You are lethally poisoned!
You feel as though you will be slow longer.
* * * LOW HITPOINT WARNING * * *
You feel extremely sick. The death drake bites you!
* * * LOW HITPOINT WARNING * * *
The kobold brigand is engulfed in dark miasma.
The kobold brigand looks even sicker.
The kobold brigand barely misses you.
You bump into the metal wall.
* * * LOW HITPOINT WARNING * * *
You feel extremely sick. The death drake breathes miasma at you.
The foul vapour misses you.
The kobold brigand is engulfed in dark miasma.
The kobold brigand looks as sick as possible!
The kobold brigand dies!
The death drake barely misses you.
You feel better.
You are engulfed in dark miasma.
You are poisoned.
You feel as though you will be slow longer.
* * * LOW HITPOINT WARNING * * *
You feel very sick. The death drake breathes miasma at you.
The foul vapour engulfs you.
You are lethally poisoned!
You feel as though you will be slow longer.
* * * LOW HITPOINT WARNING * * *
The death drake barely misses you. You furiously retaliate!
You headbutt the death drake, but do no damage.
You miss the death drake.
You are engulfed in dark miasma.
You are more poisoned.
You feel as though you will be slow longer.
* * * LOW HITPOINT WARNING * * *
You die...

..<...##..####...#'######...##...
......##..#..#####.##...##'##.#.#
......##..#....##...#...#...#....
......##..'.....#...#...#K..#c...
########..†.....'.K.K...T.K.'K...
########..†÷....#.)K#...#..)#...K
.#...[##..#....##.KT#...#...#....
.#....##..#..#####k##...##'##.#.#
.'..))##..####..@#)######...##...
.#.!))##..##..).k)Y.......#..## #
.#!.).##..#.......)......###..#
########################## ###


You could see a death drake (catching breath) and an elephant.

Vanquished Creatures
  Erolcha (D)
  A catoblepas (D)
  A deep troll (D)
  A bog body (D)
  A phantasmal warrior (D)
  2 manticores (D)
  A rime drake (D)
  Psyche (D)
  A kobold demonologist (D)
  A red devil (D)
  A hornet (D)
  A tarantella (shapeshifter) (D)
  A tarantella (D)
  A jumping spider (D)
  A flying skull (D)
  A spriggan (D)
  A ynoxinul (D)
  Grum (D)
  A fire elemental (D)
  A redback (D)
  2 wargs (D)
  A water moccasin (D)
  An orc warrior (D)
  An ogre (D)
  7 wolves (D)
  A centaur (D)
  A phantom (D)
  2 gnoll sergeants (D)
  A crimson imp (D)
  2 hounds (D)
  A quasit (D)
  An iron imp (D)
  Jessica (D)
  A hell rat (D)
  6 gnolls (D)
  A river rat (D)
  A white imp (D)
  An ufetubus (D)
  5 orcs (D)
  A giant cockroach (D)
  A hobgoblin (D)
  A quokka (D)
  A ball python (D)
  2 bats (D)
  A goblin (D)
  2 kobolds (D)
67 creatures vanquished.

Vanquished Creatures (others)
  A kobold brigand (D)
1 creature vanquished.

Grand Total: 68 creatures vanquished

Notes
Turn   | Place    | Note
-------+----------+-------------------------------------------
     0 | D        | boopmooplesden the Minotaur Berserker began the quest for
                  | the Orb.
     0 | D        | Reached XP level 1. HP: 19/19 MP: 0/0
    13 | D        | Reached skill level 4 in Long Blades
    39 | D        | Found a bloodstained altar of Trog.
    39 | D        | Found a shimmering blue altar of Sif Muna.
    39 | D        | Found a viscous altar of Jiyva.
    39 | D        | Found a hazy altar of Hepliaklqana.
    39 | D        | Found an opulent altar of Gozag.
    40 | D        | Found a glowing golden altar of the Shining One.
    40 | D        | Found a glowing silver altar of Zin.
    40 | D        | Found a basalt altar of Yredelemnul.
    40 | D        | Found a shimmering altar of Xom.
    40 | D        | Found an ornate altar of the Wu Jian Council.
    40 | D        | Found a sacrificial altar of Ru.
    40 | D        | Found a stormy altar of Qazlal.
    40 | D        | Found an iron altar of Okawaru.
    40 | D        | Found a sparkling altar of Nemelex Xobeh.
    40 | D        | Found a burning altar of Makhleb.
    40 | D        | Found a blossoming altar of Fedhas.
    40 | D        | Found a white marble altar of Elyvilon.
    40 | D        | Found a shadowy altar of Dithmenos.
    40 | D        | Found a snail-covered altar of Cheibriados.
   148 | D        | Reached ** piety under Trog
   161 | D        | Reached skill level 5 in Fighting
   161 | D        | Reached skill level 5 in Long Blades
   161 | D        | Reached XP level 2. HP: 23/29 MP: 1/1
   229 | D        | Noticed Jessica
   232 | D        | Killed Jessica
   232 | D        | Reached *** piety under Trog
   233 | D        | Reached skill level 6 in Long Blades
   233 | D        | Reached XP level 3. HP: 37/37 MP: 2/2
   321 | D        | Noticed an orc warrior
   326 | D        | Reached **** piety under Trog
   327 | D        | Noticed a wolf
   333 | D        | Reached skill level 7 in Long Blades
   333 | D        | Reached XP level 4. HP: 47/47 MP: 3/3
   338 | D        | Killed an orc warrior
   338 | D        | Noticed a water moccasin
   339 | D        | Reached skill level 9 in Long Blades
   339 | D        | Reached skill level 1 in Stealth
   339 | D        | Reached XP level 5. HP: 50/56 MP: 4/4
   345 | D        | Killed a wolf
   346 | D        | Reached skill level 10 in Long Blades
   346 | D        | Reached skill level 5 in Armour
   346 | D        | Reached ***** piety under Trog
   347 | D        | Reached XP level 6. HP: 49/63 MP: 5/5
   349 | D        | Reached skill level 5 in Dodging
   355 | D        | Killed a water moccasin
   356 | D        | Reached skill level 10 in Fighting
   356 | D        | Reached skill level 11 in Long Blades
   398 | D        | Reached skill level 12 in Long Blades
   519 | D        | Noticed a flying skull
   523 | D        | Killed a flying skull
   524 | D        | Reached XP level 7. HP: 73/74 MP: 6/6
   526 | D        | Noticed a deep troll
   534 | D        | Killed a deep troll
   535 | D        | Reached skill level 14 in Long Blades
   535 | D        | Reached XP level 8. HP: 83/83 MP: 7/7
   588 | D        | Received a gift from Trog
   815 | D        | Reached skill level 15 in Long Blades
   951 | D        | Reached ****** piety under Trog
  1022 | D        | Noticed a rime drake
  1022 | D        | Noticed a red devil
  1022 | D        | Noticed a phantasmal warrior
  1028 | D        | Reached skill level 16 in Long Blades
  1035 | D        | Killed a phantasmal warrior
  1036 | D        | Reached XP level 9. HP: 76/94 MP: 2/8
  1037 | D        | Killed a rime drake
  1037 | D        | Received a gift from Trog
  1038 | D        | Reached skill level 17 in Long Blades
  1038 | D        | Reached skill level 10 in Armour
  1040 | D        | Killed a red devil
  1277 | D        | Noticed Erolcha
  1289 | D        | Reached skill level 18 in Long Blades
  1301 | D        | Killed Erolcha
  1301 | D        | Received a gift from Trog
  1316 | D        | Reached XP level 10. HP: 82/104 MP: 3/9
  1357 | D        | Reached skill level 15 in Fighting
  1360 | D        | Received a gift from Trog
  1363 | D        | Noticed a catoblepas
  1368 | D        | Reached skill level 19 in Long Blades
  1368 | D        | Noticed a manticore
  1372 | D        | Killed a catoblepas
  1373 | D        | Noticed Grum
  1376 | D        | Noticed a manticore
  1395 | D        | HP: 4/107 [Grum/-1 glaive of protection (4)]
  1401 | D        | Killed a manticore
  1403 | D        | Received a gift from Trog
  1405 | D        | Killed Grum
  1406 | D        | Reached skill level 20 in Long Blades
  1420 | D        | Killed a manticore
  1823 | D        | Noticed a bog body
  1823 | D        | Noticed Psyche
  1825 | D        | Noticed an elephant
  1835 | D        | Killed a bog body
  1835 | D        | Received a gift from Trog
  1836 | D        | Noticed a deep troll
  1853 | D        | Noticed a death drake
  1861 | D        | Noticed a sun demon
  1864 | D        | Killed Psyche
  1868 | D        | Received a gift from Trog
  1874 | D        | Succumbed to a death drake's dark miasma

Illustrated notes

Levels and vault maps discovered:
D:        pitsprint [storerooms_1, entrance_room_1, metal_vault_1, armoury_1,
          mini_pit_1, grid_room_1, main_hall_1, silver_pit, the_coven_3,
          the_vestibule_1, steel_vault_2, golden_pit, hallway_of_sentries,
          crystal_vault_2, iron_vault_2, final_vault]

Skill      XL: |  1  2  3  4  5  6  7  8  9 10 |
---------------+-------------------------------+-----
Fighting       | 5 7 8 9 11 12 13 14 16 | 16.8
Long Blades    | 5 6 7 9 10 12 14 16 18 20 | 20.8
Armour         | 3 4 5 6 7 9 12 14 | 14.6
Dodging        | 3 4 6 7 |  7.4
Stealth        | 1 2 3 |  3.7

Action                   |  1- 3 |  4- 6 |  7- 9 | 10-12 || total
-------------------------+-------+-------+-------+-------++-------
Melee: Falchion          |    14 |       |       |       ||    14
       Headbutt          |     4 |     5 |    11 |    14 ||    34
       Long sword        |     6 |    31 |    18 |       ||    55
       Punch             |       |     1 |       |       ||     1
       Great sword       |       |       |    37 |    66 ||   103
Invok: Berserk           |     1 |     1 |     4 |     2 ||     8
  Use: Potion            |       |     2 |       |    10 ||    12
Armor: Plate armour      |     5 |     6 |    31 |    69 ||   111
Dodge: Dodged            |    16 |     6 |    27 |    89 ||   138
